TOP OF THE 1ST |
Harrisburg Harriers batting - Pitching for Kennesaw Jets : RHP Claudio Díaz
|
Pitching: RHP Claudio Díaz
|
|
Batting: RHB Roberto Escues
|
0-0: Swinging Strike 0-1: Called Strike 0-2: Foul Ball, location: 2F 0-2: Ball 1-2: Foul Ball, location: 2F 1-2: Strikes out swinging
|
Batting: LHB Salvador Avilés
|
0-0: Ball 1-0: SINGLE (Line Drive, 7LS)
|
Batting: RHB Jim Scott
|
0-0: Ball 1-0: Swinging Strike 1-1: Swinging Strike 1-2: Ball 2-2: Foul Ball, location: 2F 2-2: Strikes out swinging
|
Batting: LHB José Cordero
|
0-0: Ball 1-0: Ball 2-0: Called Strike Salvador Avilés steals 2nd base 2-1: Foul Ball, location: 2F 2-2: Ball 3-2: Strikes out swinging
|
Top of the 1st over - 0 run(s), 1 hit(s), 0 error(s), 1 left on base; Harrisburg 0 - Kennesaw 0 |
BOTTOM OF THE 1ST |
Kennesaw Jets batting - Pitching for Harrisburg Harriers : RHP Carlos Ramos
|
Pitching: RHP Carlos Ramos
|
|
Batting: RHB Clarence Therrien
|
0-0: Ball 1-0: SINGLE (Line Drive, 34)
|
Batting: RHB Juan Sandoval
|
0-0: Foul Ball, location: 2F 0-1: Ball 1-1: Ball Clarence Therrien is caught stealing 2nd base 2-1: Swinging Strike 2-2: Strikes out swinging
|
Batting: RHB José Ramos
|
0-0: Ball 1-0: Swinging Strike 1-1: Ball 2-1: Swinging Strike 2-2: Foul Ball, location: 2F 2-2: Foul Ball, location: 2F 2-2: Foul Ball, location: 2F 2-2: Ball 3-2: Base on Balls
|
Batting: RHB Stephen Johnson
|
0-0: Ball 1-0: Called Strike 1-1: Ball 2-1: Foul Ball, location: 2F 2-2: Ball 3-2: Fly out, F8 (Flyball, 8RM)
|
Bottom of the 1st over - 0 run(s), 1 hit(s), 0 error(s), 1 left on base; Harrisburg 0 - Kennesaw 0 |
TOP OF THE 2ND |
Harrisburg Harriers batting - Pitching for Kennesaw Jets : RHP Claudio Díaz
|
Batting: RHB Pedro Castillo
|
0-0: Swinging Strike 0-1: Swinging Strike 0-2: Ball 1-2: Ball 2-2: Strikes out swinging, 2-3 out at first.
|
Batting: RHB Mike Greene
|
0-0: Ball 1-0: Ball 2-0: Called Strike 2-1: DOUBLE (Flyball, 9D)
|
Batting: RHB Jim Unknown
|
0-0: Called Strike 0-1: Foul Ball, location: 2F 0-2: Ball 1-2: Ground out 5-3 (Groundball, 5S) Mike Greene to third
|
Batting: SHB Alonso Solís
|
0-0: Ball 1-0: Ball 2-0: Foul Ball, location: 2F 2-1: Foul Ball, location: 2F 2-2: Hit by Pitch
|
Batting: RHB Jorge Figueroa
|
0-0: Ball 1-0: Ball 2-0: Swinging Strike 2-1: Called Strike 2-2: Fly out, F6 (Line Drive, 6M)
|
Top of the 2nd over - 0 run(s), 1 hit(s), 0 error(s), 2 left on base; Harrisburg 0 - Kennesaw 0 |
BOTTOM OF THE 2ND |
Kennesaw Jets batting - Pitching for Harrisburg Harriers : RHP Carlos Ramos
|
Batting: RHB Andrés Sánchez
|
0-0: Called Strike 0-1: Ball 1-1: Swinging Strike 1-2: Strikes out swinging
|
Batting: RHB Raúl Javier Jr.
|
0-0: Ball 1-0: Called Strike 1-1: Foul Ball, location: 2F 1-2: Strikes out swinging
|
Batting: RHB Jim Unknown
|
0-0: Ball 1-0: Called Strike 1-1: Ball 2-1: Swinging Strike 2-2: Ball 3-2: Foul Ball, location: 2F 3-2: Strikes out swinging
|
Bottom of the 2nd over - 0 run(s), 0 hit(s), 0 error(s), 0 left on base; Harrisburg 0 - Kennesaw 0 |
TOP OF THE 3RD |
Harrisburg Harriers batting - Pitching for Kennesaw Jets : RHP Claudio Díaz
|
Batting: RHB Roberto Escues
|
0-0: Ball 1-0: Ball 2-0: Ground out 1-3 (Groundball, 13S)
|
Batting: LHB Salvador Avilés
|
0-0: DOUBLE (Line Drive, 7LM)
|
Batting: RHB Jim Scott
|
0-0: Swinging Strike 0-1: Ball 1-1: Ball 2-1: Fly out, F3 (Line Drive, 3)
|
Batting: LHB José Cordero
|
0-0: Called Strike 0-1: Ball 1-1: SINGLE (Flyball, 89S) Salvador Avilés to third Runner from 3rd tries for Home, SAFE, no throw or cutoff
|
Batting: RHB Pedro Castillo
|
0-0: Foul Ball, location: 2F 0-1: Called Strike 0-2: Ball 1-2: Strikes out swinging
|
Top of the 3rd over - 1 run(s), 2 hit(s), 0 error(s), 1 left on base; Harrisburg 1 - Kennesaw 0 |
TOP OF THE 4TH |
Harrisburg Harriers batting - Pitching for Kennesaw Jets : RHP Claudio Díaz
|
Batting: RHB Mike Greene
|
0-0: Foul Ball, location: 2F 0-1: Called Strike 0-2: Strikes out looking
|
Batting: RHB Jim Unknown
|
0-0: Foul Ball, location: 2F 0-1: DOUBLE (Line Drive, 78M)
|
Batting: SHB Alonso Solís
|
0-0: Called Strike 0-1: Swinging Strike 0-2: Strikes out swinging
|
Batting: RHB Jorge Figueroa
|
0-0: SINGLE (Groundball, 56) (infield hit) Jim Unknown to third
|
Batting: RHB Roberto Escues
|
0-0: Ball 1-0: Foul Ball, location: 2F 1-1: Foul Ball, location: 2F 1-2: TRIPLE (Line Drive, 9LS) Jim Unknown scores Jorge Figueroa scores
|
Pitching: RHP António García
|
|
Batting: LHB Salvador Avilés
|
0-0: Ball 1-0: Called Strike 1-1: Foul Ball, location: 2F 1-2: Strikes out swinging
|
Top of the 4th over - 2 run(s), 3 hit(s), 0 error(s), 1 left on base; Harrisburg 3 - Kennesaw 1 |
BOTTOM OF THE 4TH |
Kennesaw Jets batting - Pitching for Harrisburg Harriers : RHP Carlos Ramos
|
Batting: RHB Raúl Javier Jr.
|
0-0: Ball 1-0: Foul Ball, location: 2F 1-1: Ball 2-1: Ball 3-1: Foul Ball, location: 2F 3-2: DOUBLE (Line Drive, 7LD) - OUT at third base trying to stretch hit.
|
Batting: RHB Jim Unknown
|
0-0: Foul Ball, location: 2F 0-1: Ball 1-1: Foul Ball, location: 2F 1-2: Strikes out swinging
|
Batting: LHB Jim Unknown
|
0-0: Fly out, F8 (Flyball, 8RD)
|
Bottom of the 4th over - 0 run(s), 1 hit(s), 0 error(s), 0 left on base; Harrisburg 3 - Kennesaw 1 |
TOP OF THE 5TH |
Harrisburg Harriers batting - Pitching for Kennesaw Jets : RHP António García
|
Batting: RHB Jim Scott
|
0-0: Ball 1-0: Swinging Strike 1-1: Ball 2-1: Called Strike 2-2: Strikes out looking
|
Batting: LHB José Cordero
|
0-0: Swinging Strike 0-1: Foul Ball, location: 2F 0-2: Strikes out looking
|
Batting: RHB Pedro Castillo
|
0-0: Called Strike 0-1: Ground out 5-3 (Groundball, 56S)
|
Top of the 5th over - 0 run(s), 0 hit(s), 0 error(s), 0 left on base; Harrisburg 3 - Kennesaw 1 |
BOTTOM OF THE 5TH |
Kennesaw Jets batting - Pitching for Harrisburg Harriers : RHP Carlos Ramos
|
Batting: RHB Abdul-Fattah bin Najjar
|
0-0: Called Strike 0-1: Ball 1-1: DOUBLE (Line Drive, 5L)
|
Batting: RHB Clarence Therrien
|
0-0: Ball 1-0: Foul Ball, location: 2F 1-1: Ground out 4-3 (Groundball, 4M) Abdul-Fattah bin Najjar to third
|
Batting: RHB Juan Sandoval
|
0-0: Swinging Strike 0-1: Foul Ball, location: 2F 0-2: Fly out, F9 (Popup, 89S)
|
Batting: RHB José Ramos
|
0-0: Ball 1-0: Ball 2-0: Called Strike 2-1: Called Strike 2-2: Foul Ball, location: 2F 2-2: Strikes out swinging
|
Bottom of the 5th over - 0 run(s), 1 hit(s), 0 error(s), 1 left on base; Harrisburg 3 - Kennesaw 1 |
TOP OF THE 6TH |
Harrisburg Harriers batting - Pitching for Kennesaw Jets : RHP António García
|
Batting: RHB Mike Greene
|
0-0: Swinging Strike 0-1: Ball 1-1: Hit by Pitch
|
Batting: RHB Jim Unknown
|
0-0: Sac Bunt - play at first, batter OUT! 1-3 Mike Greene to second
|
Batting: SHB Alonso Solís
|
0-0: Intentional Walk
|
Batting: RHB Jorge Figueroa
|
0-0: Called Strike 0-1: Called Strike 0-2: Hit by Pitch Mike Greene to third Alonso Solís to second
|
Batting: RHB Roberto Escues
|
0-0: Foul Ball, location: 2F 0-1: Grounds into double play, 4-6-3 (Groundball, 4)
|
Top of the 6th over - 0 run(s), 0 hit(s), 0 error(s), 2 left on base; Harrisburg 3 - Kennesaw 1 |
BOTTOM OF THE 6TH |
Kennesaw Jets batting - Pitching for Harrisburg Harriers : RHP Carlos Ramos
|
Batting: RHB Stephen Johnson
|
0-0: SINGLE (Groundball, 56D)
|
Batting: RHB Andrés Sánchez
|
0-0: Called Strike Stephen Johnson steals 2nd base 0-1: Ground out 4-3 (Groundball, 4) Stephen Johnson to third
|
Batting: RHB Raúl Javier Jr.
|
0-0: 2-RUN HOME RUN (Flyball, 9D), Distance : 338 ft
|
Batting: RHB Jim Unknown
|
0-0: Ball 1-0: Swinging Strike 1-1: Foul Ball, location: 2F 1-2: Foul Ball, location: 2F 1-2: DOUBLE (Line Drive, 7LM)
|
Batting: LHB Jim Unknown
|
0-0: Intentional Walk
|
Batting: RHB Abdul-Fattah bin Najjar
|
0-0: Ball 1-0: Foul Ball, location: 2F 1-1: Foul Ball, location: 2F 1-2: Foul Ball, location: 2F 1-2: Strikes out looking
|
Batting: RHB Clarence Therrien
|
0-0: Called Strike 0-1: SINGLE (Groundball, 4D) Jim Unknown to third Jim Unknown to second Runner from 3rd tries for Home, SAFE, no throw or cutoff
|
Batting: RHB Juan Sandoval
|
0-0: Fielders Choice at 2nd, U6 (Groundball, 6M)
|
Bottom of the 6th over - 3 run(s), 4 hit(s), 0 error(s), 2 left on base; Harrisburg 3 - Kennesaw 4 |
TOP OF THE 7TH |
Harrisburg Harriers batting - Pitching for Kennesaw Jets : RHP António García
|
Batting: LHB Salvador Avilés
|
0-0: SINGLE (Groundball, 34D)
|
Pinch Hitting: LHB Jim Unknown
|
0-0: Ball 1-0: Called Strike 1-1: Called Strike 1-2: Strikes out looking
|
Batting: LHB José Cordero
|
0-0: DOUBLE (Line Drive, 3L) Salvador Avilés to third
|
Batting: RHB Pedro Castillo
|
0-0: Swinging Strike 0-1: Ball 1-1: Ball 2-1: Foul Ball, location: 2F 2-2: Ball 3-2: Strikes out swinging
|
Pinch Hitting: RHB Jim Unknown
|
0-0: Ball 1-0: Swinging Strike 1-1: Ball 2-1: Ball 3-1: Base on Balls
|
Batting: RHB Jim Unknown
|
0-0: Ball 1-0: Ground out 4-3 (Groundball, 4)
|
Top of the 7th over - 0 run(s), 2 hit(s), 0 error(s), 3 left on base; Harrisburg 3 - Kennesaw 4 |
BOTTOM OF THE 7TH |
Kennesaw Jets batting - Pitching for Harrisburg Harriers : RHP Carlos Ramos
|
Now at 1B: Jim Unknown
|
|
Now in RF: Jim Unknown
|
|
Batting: RHB José Ramos
|
0-0: Called Strike 0-1: Fly out, F4 (Line Drive, 4D)
|
Batting: RHB Stephen Johnson
|
0-0: SINGLE (Groundball, 56)
|
Pitching: LHP Jim Unknown
|
|
Pinch Hitting: RHB Jim Unknown
|
0-0: Ball 1-0: Called Strike 1-1: Foul Ball, location: 2F 1-2: Strikes out swinging
|
Batting: RHB Raúl Javier Jr.
|
0-0: Called Strike 0-1: Ball 1-1: Ball 2-1: Ball 3-1: Called Strike 3-2: Fly out, F9 (Flyball, 9M)
|
Bottom of the 7th over - 0 run(s), 1 hit(s), 0 error(s), 1 left on base; Harrisburg 3 - Kennesaw 4 |
TOP OF THE 8TH |
Harrisburg Harriers batting - Pitching for Kennesaw Jets : RHP António García
|
Pitching: LHP Doug Evans
|
|
Now at SS: Carlos Ávila
|
|
Batting: SHB Alonso Solís
|
0-0: Ball 1-0: Ball 2-0: Ball 3-0: Base on Balls
|
Pitching: RHP Emílio Rodríguez
|
|
Batting: RHB Jorge Figueroa
|
0-0: TRIPLE (Flyball, 89M) Alonso Solís scores
|
Batting: RHB Roberto Escues
|
0-0: SINGLE (Groundball, 5L) (infield hit) Jorge Figueroa scores
|
Batting: LHB Salvador Avilés
|
0-0: Ball 1-0: Sac Bunt - play at first, batter OUT! 1-4 Roberto Escues to second
|
Batting: LHB Jim Unknown
|
0-0: Intentional Walk
|
Batting: LHB José Cordero
|
0-0: Ball 1-0: Foul Ball, location: 2F 1-1: Ball 2-1: Ball 3-1: Foul Ball, location: 2F 3-2: Ground out 5-3 (Groundball, 56S) Roberto Escues to third Jim Unknown to second
|
Batting: RHB Pedro Castillo
|
0-0: Called Strike 0-1: Ground out 1-3 (Groundball, 15)
|
Top of the 8th over - 2 run(s), 2 hit(s), 0 error(s), 2 left on base; Harrisburg 5 - Kennesaw 4 |
BOTTOM OF THE 8TH |
Kennesaw Jets batting - Pitching for Harrisburg Harriers : LHP Jim Unknown
|
Pitching: RHP Jim Unknown
|
|
Batting: RHB Jim Unknown
|
0-0: Ball 1-0: Ball 2-0: Ball 3-0: Called Strike 3-1: Foul Ball, location: 2F 3-2: Strikes out swinging
|
Pitching: LHP Phil Miles
|
|
Batting: LHB Jim Unknown
|
0-0: Foul Ball, location: 2F 0-1: Ball 1-1: Ball 2-1: Swinging Strike 2-2: Strikes out swinging
|
Batting: RHB Abdul-Fattah bin Najjar
|
0-0: Ball 1-0: Foul Ball, location: 2F 1-1: Ball 2-1: Called Strike 2-2: Ball 3-2: Ground out 6-3 (Groundball, 6)
|
Bottom of the 8th over - 0 run(s), 0 hit(s), 0 error(s), 0 left on base; Harrisburg 5 - Kennesaw 4 |
TOP OF THE 9TH |
Harrisburg Harriers batting - Pitching for Kennesaw Jets : RHP Emílio Rodríguez
|
Batting: RHB Jim Unknown
|
0-0: Swinging Strike 0-1: Ball 1-1: Ball 2-1: Ball 3-1: Foul Ball, location: 2F 3-2: Strikes out swinging
|
Batting: RHB Jim Unknown
|
0-0: Ball 1-0: Ball 2-0: Foul Ball, location: 2F 2-1: Called Strike 2-2: Strikes out swinging
|
Batting: SHB Alonso Solís
|
0-0: Ball 1-0: Ball 2-0: Foul Ball, location: 2F 2-1: Ground out 5-3 (Groundball, 5)
|
Top of the 9th over - 0 run(s), 0 hit(s), 0 error(s), 0 left on base; Harrisburg 5 - Kennesaw 4 |
BOTTOM OF THE 9TH |
Kennesaw Jets batting - Pitching for Harrisburg Harriers : LHP Phil Miles
|
Pitching: LHP Jim Unknown
|
|
Batting: RHB Clarence Therrien
|
0-0: Called Strike 0-1: Called Strike 0-2: Ball 1-2: Ball 2-2: Strikes out looking
|
Batting: RHB Juan Sandoval
|
0-0: Foul Ball, location: 2F 0-1: Ball 1-1: Foul Ball, location: 2F 1-2: Strikes out swinging
|
Batting: RHB José Ramos
|
0-0: Fly out, F3 (Popup, 3SF)
|
Bottom of the 9th over - 0 run(s), 0 hit(s), 0 error(s), 0 left on base; Harrisburg 5 - Kennesaw 4 |
|